 Seeded DCSS version 0.29.1-2-gbd0b4ee654 (webtiles) character file.

Game seed: 19941 (custom seed)

12122 Ashen the Black Sun (level 11, -4/85 (86) HPs)
             Began as a Demonspawn Necromancer on Oct 29, 2022.
             Was a High Priest of Kikubaaqudgha.
             Slain by a red devil
             ... wielding a +2 demon trident of draining
             ... summoned by a kobold demonologist
              (9 damage)
             ... on level 10 of the Dungeon.
             The game lasted 00:46:13 (15213 turns).

Ashen the Black Sun (Demonspawn Necromancer)       Turns: 15213, Time: 00:46:13

HP:   -4/85 (86)    AC: 12    Str:  8    XL:     11   Next: 58%
MP:   6/23          EV: 15    Int: 21    God:    Kikubaaqudgha [*****.]
Gold: 598           SH:  0    Dex: 14    Spells: 5/26 levels left

rFire   . . .      SeeInvis +   r - +0 rapier (venom)
rCold   . . .      Faith    .   (no shield)
rNeg    + . .      Spirit   .   x - +1 leather armour "Jufiosk" {+Blink rPois rN+ rCorr}
rPois   +          Reflect  .   D - +2 hat
rElec   .          Harm     .   p - +0 cloak
rCorr   +          Rampage  .   n - +0 pair of gloves
Will    .....                   (no boots)
Stlth   ++........              B - amulet of the acrobat
HPRegen 0.24/turn               k - +4 ring of protection
MPRegen 0.18/turn               I - ring of see invisible

@: about to teleport, spiked, animating dead, lightly drained
A: powered by death 2, augmentation 1, sturdy frame 2, weakness stinger 2
a: Renounce Religion, Evoke Blink, Unearth Wretches, Torment


You were on level 10 of the Dungeon.
You worshipped Kikubaaqudgha.
Kikubaaqudgha was extremely pleased with you.
You visited 2 branches of the dungeon, and saw 11 of its levels.
You also visited: Bailey.

You collected 874 gold pieces.
You spent 276 gold pieces at shops.

Inventory:

Hand Weapons
 g - a +1 dagger of flaming
 j - a +0 whip of pain
 r - a +0 rapier of venom (weapon)
 G - a +4 scimitar of flaming
Missiles
 b - 6 javelins
Armour
 n - a +0 pair of gloves (worn)
 p - a +0 cloak (worn)
 x - the +1 leather armour "Jufiosk" (worn) {+Blink rPois rN+ rCorr}
   (You bought it in a shop on level 1 of the Dungeon)

   rPois:     It protects you from poison.
   rN:        It protects you from negative energy.
   +Blink:    It lets you blink.
   rCorr:     It protects you from acid and corrosion.
 D - a +2 hat (worn)
 V - an orb of energy
Jewellery
 k - a +4 ring of protection (left hand)
 B - an amulet of the acrobat (around neck)
 H - a ring of ice
 I - a ring of see invisible (right hand)
 K - a ring of protection from fire
 M - a +4 ring of protection
Wands
 d - a wand of acid (3)
 w - a wand of digging (7)
 N - a wand of charming (3)
 O - a wand of iceblast (7)
Scrolls
 c - a scroll of magic mapping
 e - 4 scrolls of amnesia
 f - a scroll of enchant weapon {unknown}
 i - a scroll of noise
 l - a scroll of enchant armour {unknown}
 q - a scroll of summoning {unknown}
 t - a scroll of torment {unknown}
 z - a scroll of poison
 A - a scroll of vulnerability {unknown}
 C - a scroll of immolation {unknown}
 T - a scroll of butterflies {unknown}
 U - a scroll of acquirement
Potions
 a - 6 potions of flight
 h - a potion of mutation
 m - a potion of ambrosia
 o - 7 potions of curing
 s - 2 potions of invisibility
 u - 2 potions of haste
 v - a potion of berserk rage
 E - a potion of brilliance
 J - a potion of might
 P - 3 potions of heal wounds
 Q - a potion of lignification {unknown}
 R - a potion of cancellation {unknown}
Miscellaneous
 F - a phial of floods (inert)
 L - a condenser vane (inert)
 S - a phial of floods (inert)


   Skills:
 + Level 8.2 Fighting
 + Level 8.0 Dodging
 - Level 3.0 Stealth
 + Level 8.0 Spellcasting
 - Level 2.0 Hexes
 - Level 5.0 Summonings
 + Level 10.3 Necromancy
 - Level 5.0 Evocations


You had 5 spell levels left.
You knew the following spells:

 Your Spells              Type           Power      Damage    Failure   Level
a - Necrotise             Necr           100%       1d9       1%          1
b - Vampiric Draining     Necr           51%        2d9       1%          3
c - Animate Dead          Necr           51%        N/A       1%          4
d - Call Canine Familiar  Summ           29%        N/A       3%          3
e - Anguish               Hex/Necr       17%        N/A       6%          4
f - Death Channel         Necr           25%        N/A       17%         6

Your spell library contained the following spells:

 Spells                   Type           Power      Damage    Failure   Level
 Summon Small Mammal      Summ           100%       N/A       1%          1
 Sublimation of Blood     Necr           51%        N/A       1%          2
 Dispel Undead            Necr           51%        3d19      1%          4
 Agony                    Necr           51%        N/A       3%          5
 Summon Guardian Golem    Hex/Summ       23%        N/A       5%          3
 Sting                    Tmut/Pois      32%        1d4       8%          1
 Tukima's Dance           Hex            16%        N/A       11%         3
 Poisonous Vapours        Pois/Air       16%        N/A       12%         2
 Portal Projectile        Hex/Tloc       24%        N/A       16%         3
 Corpse Rot               Necr/Pois/Air  22%        N/A       19%         4
 Ignite Poison            Fire/Tmut/Pois 8%         N/A       24%         3
 Mephitic Cloud           Conj/Pois/Air  8%         N/A       24%         3
 Borgnjor's Vile Clutch   Necr/Erth      15%        N/A       26%         5
 Summon Lightning Spire   Summ/Air       18%        N/A       28%         4
 Olgreb's Toxic Radiance  Pois           8%         N/A       61%         4
 Blade Hands              Tmut           4%         N/A       91%         5
 Freezing Cloud           Conj/Ice/Air   4%         6-21      91%         5
 Irradiate                Conj/Tmut      4%         3d13      91%         5
 Dragon Form              Tmut           4%         N/A       100%        7
 Storm Form               Tmut/Air       4%         N/A       100%        7
 Maxwell's Capacitive Co  Air            4%         ∞         100%        8


Dungeon Overview and Level Annotations

Branches:
Dungeon (10/15)            Temple (1/1) D:5            Lair (0/5) D:9
    Orc (0/2) D:10         Bailey (visited)

Altars:
Ashenzari
Cheibriados
Dithmenos
Fedhas
Gozag
Hepliaklqana
Kikubaaqudgha
Makhleb
Nemelex Xobeh
Okawaru
Qazlal
Ru
Sif Muna
Trog
Uskayaw
Vehumet
Wu Jian
Xom
Yredelemnul
Lugonu

Shops:
D:1 ([*   D:3 *   D:5 :   D:6 *   D:9 *   D:10 *


Innate Abilities, Weirdness & Mutations

You regenerate health from kills.
Your magical and physical power is slightly enhanced at high health.
Your movements are less encumbered by armour. (ER -4)
You have a tail ending in a sharp stinger.


Message History

Aim: a kobold demonologist, wielding a +0 dagger and wearing a +0 robe (severely wounded, extremely poisoned, ally target, anguished)
You draw life force from the kobold demonologist!
You kill the kobold demonologist!
Kikubaaqudgha accepts your kill.
The chaos spawn degenerates into a cloud of primal chaos!
You feel life coursing into your body.
The dead are walking!
Your hound misses the sun demon. The sun demon closely misses you.
Your hound bites the sun demon but does no damage.
The kobold demonologist gestures wildly while chanting.
The kobold demonologist misses you.
The red devil hits you from afar with a +2 demon trident of draining.
Barbed spikes become lodged in your body.
You partially resist.
You feel drained.
Your life force feels restored.
As you read the scroll of teleportation, it crumbles to dust.
You feel strangely unstable.
Your hound completely misses the sun demon.
The sun demon hits you!
You are engulfed in flames!
* * * LOW HITPOINT WARNING * * *
The kobold demonologist hits you but does no damage. x2
The crimson imp picks up a beetle and eats it.
The crimson imp hits you but does no damage.
The red devil hits you from afar with a +2 demon trident of draining!
* * * LOW HITPOINT WARNING * * *
Barbed spikes become lodged in your body.
You partially resist.
You feel drained.
* * * LOW HITPOINT WARNING * * *
The crimson imp shouts, "Go and return not, thou puny ditch-delivered crab-lanthorn!"
The crimson imp barely misses you.
You feel much better.
Your hound barely misses the sun demon.
The sun demon hits you!
* * * LOW HITPOINT WARNING * * *
You are engulfed in flames!
* * * LOW HITPOINT WARNING * * *
Your kobold demonologist zombie misses the crimson imp.
Your hound bites the sun demon but does no damage.
The kobold demonologist barely misses you. x2
The red devil hits you from afar with a +2 demon trident of draining!
You die...
Kikubaaqudgha rasps: "You have failed me!
Welcome... death!"

#.#####.#####...#,,*,,...........
#Z####...##...#####♣#,#..####.###
..<...∩#..#....#..PP#,,,,* #.# #
.(.....#....P..#....#,,,,** #.###
#....#####..####P.§P#*.#,,* #.#..
#..#...#[...#.....#~#,...,* #.#..
#......#..#.#..#4..#+.....###.#..
##.##.......#.§.5K5.+.......#.#..
##>##.###...#..h@K5♣+#..###...#..
#Z..#.###...#..§35Z.#P....###....
.###...##[..~###P.#P~P.~.####).[[
## ##..##.#....#.P..#P.~..##..)∩)
# ##.##.#.#..#..#.##..§..[...).
#....#....######..P...##....
######.####**,,,.......#...###.##
##.##..####.#**,...............#*
..#..Z.....#<,,,..............##*


You could see a sun demon (summoned, ally target), 2 kobold demonologists, a red
devil (summoned), 3 crimson imps, a shadow imp (summoned), a friendly hound
(summoned) and a friendly kobold demonologist zombie.

Vanquished Creatures
  2 orc high priests (Bailey)
  A deep elf pyromancer (D:8)
  An oklob plant (D:9)
  A kobold demonologist (D:10)
  2 yaks (D:9)
  2 wyverns
  A vampire (D:8)
  An acid dragon (D:10)
  2 black bears
  5 orc warriors
  2 ice beasts
  An ogre (D:7)
  3 centaurs
  4 bullfrogs
  3 scorpions
  A gnoll sergeant (D:9)
  2 necrophages
  2 wights (D:7)
  An oklob sapling (D:9)
  2 electric eels (Bailey)
  2 howler monkeys (D:10)
  A centaur zombie (D:7)
  3 jellies
  3 hounds
  2 orc priests (D:10)
  2 iguanas (D:6)
  12 orc wizards
  A killer bee zombie (D:7)
  8 gnolls
  10 adders
  A white imp (D:7)
  An ufetubus (D:5)
  2 worms (D:3)
  4 dart slugs
  36 orcs
  7 endoplasms
  4 giant cockroaches
  14 goblins
  11 hobgoblins
  10 kobolds
  2 quokkas (D:1)
  6 ball pythons
  7 bats
  6 frilled lizards
  14 rats
208 creatures vanquished.

Vanquished Creatures (collateral kills)
  3 yaks (D:9)
  Menkaure (D:6)
  Duvessa (D:4)
  2 water moccasins (D:9)
  2 orc warriors (D:10)
  An ice beast (D:7)
  2 black bears (D:9)
  A kobold brigand (D:9)
  A wyvern zombie (D:7)
  4 bullfrogs
  A wight (D:7)
  Dowan (D:4)
  A howler monkey (D:10)
  A centaur zombie (D:7)
  A bullfrog zombie (D:7)
  A jelly (D:6)
  A hound (D:9)
  An iguana (D:6)
  An orc wizard (D:8)
  A killer bee zombie (D:7)
  A nameless horror (D:6)
  5 adders
  3 gnolls
  A white imp (D:8)
  A dart slug (D:4)
  29 orcs
  A hobgoblin (Bailey)
  4 ball pythons (D:9)
  2 kobolds (D:9)
75 creatures vanquished.

Vanquished Creatures (others)
  A boulder beetle (D:8)
  An orc knight (Bailey)
  A cyclops (D:8)
  A gargoyle (D:7)
  An unseen horror (D:10)
  An unseen horror zombie (D:10)
  An efreet (D:8)
  A meliai (D:8)
  A hornet (D:9)
  A wraith (D:8)
  A yak (D:9)
  A water moccasin (D:9)
  5 orc warriors (Bailey)
  An elf zombie (D:8)
  2 black bears (D:9)
  A centaur (D:7)
  A kobold brigand (D:9)
  A bullfrog (D:9)
  A water moccasin zombie (D:9)
  A wight (D:6)
  A centaur zombie (D:8)
  2 electric eels (Bailey)
  3 bullfrog zombies
  A black bear zombie (D:9)
  2 orc priests
  An orc wizard (D:7)
  An ice beast zombie (D:7)
  A gnoll (D:9)
  3 orcs
  2 goblins (Bailey)
  2 goblin zombies (Bailey)
  2 kobolds (D:9)
  11 orc zombies
  3 demonic plants (D:10)
  26 fungi (D:9)
  39 plants (D:9)
125 creatures vanquished.

Grand Total: 408 creatures vanquished

Notes
Turn   | Place    | Note
-------+----------+-------------------------------------------
     0 | D:1      | Ashen the Demonspawn Necromancer began the quest for the
                  | Orb.
     0 | D:1      | Reached XP level 1. HP: 13/13 MP: 3/3
   165 | D:1      | Found Riotof's Antique Weapon Shop.
   214 | D:1      | Gained mutation: Your movements are slightly less
                  | encumbered by armour. (ER -2) [demonic ancestry]
   214 | D:1      | Reached XP level 2. HP: 19/19 MP: 0/5
   436 | D:1      | Found a faded altar of an unknown god.
   951 | D:1      | Found Vypiut's Assorted Antiques.
   958 | D:1      | Gained mutation: You have a small tail. [demonic ancestry]
   958 | D:1      | Reached XP level 3. HP: 25/25 MP: 4/6
   980 | D:1      | Found Marruhor's Antique Armour Shoppe.
  1305 | D:2      | You fall into a shaft and drop 1 floor!
  1633 | D:2      | Reached skill level 1 in Fighting
  1705 | D:2      | Learned a level 3 spell: Vampiric Draining
  1715 | D:2      | Reached XP level 4. HP: 32/32 MP: 5/7
  1733 | D:2      | Learned a level 4 spell: Animate Dead
  2274 | D:2      | Reached skill level 5 in Necromancy
  2745 | D:3      | Gained mutation: You regenerate a little health from kills.
                  | [demonic ancestry]
  2745 | D:3      | Reached XP level 5. HP: 36/37 MP: 3/9
  2909 | D:3      | Found a blossoming altar of Fedhas.
  3020 | D:3      | Found Deropsou's Assorted Antiques.
  3097 | D:3      | Found a hazy altar of Hepliaklqana.
  3168 | D:4      | Noticed Duvessa
  3168 | D:4      | Noticed Dowan
  3474 | D:4      | Gained mutation: You regenerate health from kills. [demonic
                  | ancestry]
  3474 | D:4      | Reached XP level 6. HP: 31/44 MP: 10/10
  4708 | D:5      | Entered Level 5 of the Dungeon
  4916 | D:5      | Found a staircase to the Ecumenical Temple.
  4940 | Temple   | Entered the Ecumenical Temple
  5091 | Temple   | Became a worshipper of Kikubaaqudgha
  5129 | D:5      | Learned a level 3 spell: Call Canine Familiar
  5199 | D:5      | Reached skill level 1 in Summonings
  5203 | D:5      | Reached XP level 7. HP: 37/52 MP: 3/12
  5498 | D:5      | Found Neanacku's Book Shoppe.
  5892 | D:5      | Found a large runed translucent door.
  5893 | D:5      | Found a large runed translucent door.
  6078 | D:5      | Found a bloodstained altar of Trog.
  6089 | D:5      | Found a radiant altar of Vehumet.
  6094 | D:5      | Reached skill level 6 in Necromancy
  6336 | D:1      | Bought a jewelled leather armour for 210 gold pieces
  6336 | D:1      | Identified the +1 leather armour "Jufiosk" {+Blink rPois
                  | rN+ rCorr} (You bought it in a shop on level 1 of the
                  | Dungeon)
  6710 | D:6      | Found Imosk's Fire Supplies.
  6749 | D:6      | Reached * piety under Kikubaaqudgha
  6749 | D:6      | Received a gift from Kikubaaqudgha
  6803 | D:6      | Found a sparkling altar of Nemelex Xobeh.
  7121 | D:6      | Reached skill level 1 in Evocations
  7397 | D:6      | Noticed Menkaure
  7405 | D:6      | Killed Menkaure
  7406 | D:6      | Gained mutation: Your movements are less encumbered by
                  | armour. (ER -4) [demonic ancestry]
  7406 | D:6      | Reached XP level 8. HP: 20/60 MP: 4/14
  7803 | D:7      | Found a shimmering altar of Xom.
  7803 | D:7      | Found a shimmering altar of Xom.
  7803 | D:7      | Found a shimmering altar of Xom.
  7803 | D:7      | Found a shimmering altar of Xom.
  8177 | D:7      | Found a shimmering altar of Xom.
  8208 | D:7      | Learned a level 4 spell: Anguish
  8296 | D:7      | Reached skill level 1 in Hexes
  8360 | D:7      | Reached skill level 7 in Necromancy
  8503 | D:7      | Reached skill level 5 in Spellcasting
  8511 | D:7      | Reached ** piety under Kikubaaqudgha
  8512 | D:7      | Gained mutation: You have a tail ending in a sharp stinger.
                  | [demonic ancestry]
  8512 | D:7      | Reached XP level 9. HP: 65/66 MP: 1/16
  9001 | D:7      | Reached skill level 5 in Dodging
  9061 | D:7      | Found a shimmering altar of Xom.
  9062 | D:7      | Found a shimmering altar of Xom.
  9308 | D:8      | Noticed a meliai
  9311 | D:8      | Noticed an efreet
  9312 | D:8      | Killed a meliai
  9313 | D:8      | Reached skill level 5 in Fighting
  9652 | D:8      | Noticed a boulder beetle
  9660 | D:8      | Noticed a deep elf pyromancer
  9679 | D:8      | Killed a deep elf pyromancer
  9693 | D:8      | Noticed a gargoyle
 10004 | D:7      | Killed a gargoyle
 10005 | D:7      | Reached skill level 8 in Necromancy
 10309 | D:8      | Killed an efreet
 10310 | D:8      | Gained mutation: Your magical and physical power is
                  | slightly enhanced at high health. [demonic ancestry]
 10310 | D:8      | Reached XP level 10. HP: 38/76 MP: 10/18
 10603 | D:8      | Killed a boulder beetle
 10604 | D:8      | Reached skill level 5 in Summonings
 10742 | D:8      | Noticed a cyclops
 10754 | D:8      | Killed a cyclops
 11064 | D:8      | Identified the +10 shortbow "Feajaxif" {flame, Dex+6}
 11155 | D:8      | Reached skill level 5 in Evocations
 11431 | D:9      | Found a staircase to the Lair.
 11476 | D:9      | Reached *** piety under Kikubaaqudgha
 11476 | D:9      | Received a gift from Kikubaaqudgha
 11484 | D:9      | Learned a level 6 spell: Death Channel
 11678 | D:9      | Found an ornate altar of the Wu Jian Council.
 11691 | D:9      | Found a burning altar of Makhleb.
 11695 | D:9      | Found a sacrificial altar of Ru.
 11729 | D:9      | Reached skill level 9 in Necromancy
 12051 | D:9      | Found Biqo's Assorted Antiques.
 12430 | D:9      | Noticed an oklob plant
 12708 | D:9      | Reached **** piety under Kikubaaqudgha
 12783 | D:9      | Killed an oklob plant
 12784 | D:9      | Reached XP level 11. HP: 82/84 MP: 14/21
 13156 | D:4      | Killed Duvessa
 13161 | D:4      | Killed Dowan
 13416 | D:10     | Entered Level 10 of the Dungeon
 13416 | D:10     | Found Hucsomygg's Assorted Antiques.
 13520 | D:10     | Bought a sapphire potion for 20 gold pieces
 13520 | D:10     | Bought a scroll of identify for 46 gold pieces
 13715 | D:10     | Found a staircase to the Orcish Mines.
 13837 | D:10     | Found a flagged portal.
 13867 | Bailey   | Entered a bailey
 14369 | Bailey   | Found an iron altar of Okawaru.
 14371 | Bailey   | Noticed an orc high priest
 14371 | Bailey   | Noticed an orc high priest
 14382 | Bailey   | Killed an orc high priest
 14383 | Bailey   | Killed an orc high priest
 14384 | Bailey   | Reached skill level 10 in Necromancy
 14652 | Bailey   | Noticed an orc knight
 14664 | Bailey   | Killed an orc knight
 14664 | Bailey   | Reached ***** piety under Kikubaaqudgha
 15072 | D:10     | Found a corrupted altar of Lugonu.
 15146 | D:10     | Found an opulent altar of Gozag.
 15208 | D:10     | Noticed a sun demon
 15213 | D:10     | Slain by a red devil

Illustrated notes

Levels and vault maps discovered:
D:1:      lightli_arrival_lavapool, layout_basic, serial_shops, shop_fountains,
          shop, nicolae_shop_trees,
          hellmonk_ecumenical_altar_pennies_from_heaven
D:2:      layout_loops_ring, minmay_hexomino_c4
D:3:      layout_basic, mainiacjoe_overflow_surrounded_room,
          mainiacjoe_overflow_big_doors, serial_shops, shop,
          kennysheep_generic_room_6
D:4:      layout_layer_cave, uniq_duvessa
D:5:      layout_loops_ring, jmf_multi_god_temple2, temple_statues,
          serial_shops, shop
D:6:      layout_cave_pods, nemelex_spade_bored_becter, chequers_jeans,
          nicolae_shop_fire_sale [nicolae_sub_dead_trees],
          hellmonk_bongcloud_opening, item_on_display_a, uniq_menkaure
D:7:      layout_cave_pools, xom_shifter_show, serial_undead, serial_undead_c,
          serial_undead_a, serial_undead_f, serial_undead_a
D:8:      minmay_cut_squares, layout_basic, mainiacjoe_overflow_paths
D:9:      layout_roguey, minitemple, due_lair_maze_entry_diamond, serial_shops,
          shop, introduction_to_nature_1
D:10:     kennysheep_kobold_lugonu_temple, layout_loops_ring,
          mainiacjoe_overflow_cross_hatched, hiddenorc2_lemuel, serial_shops,
          shop, enter_bailey_2
Temple:   hellmonk_temple_forest_ring

Skill      XL: |  1  2  3  4  5  6  7  8  9 10 11 |
---------------+----------------------------------+-----
Dodging        | 2 3 4 5 7 8 |  8.0
Stealth        | 2 3 |  3.0
Fighting       | 1 2 3 4 5 7 8 |  8.2
Necromancy     | 5 6 7 8 9 10 | 10.3
Spellcasting   | 3 4 5 7 8 |  8.0
Summonings     | 1 2 3 4 5 |  5.0
Evocations     | 1 2 4 5 |  5.0
Hexes          | 2 |  2.0

Action                   |  1- 3 |  4- 6 |  7- 9 | 10-12 || total
-------------------------+-------+-------+-------+-------++-------
Melee: Dagger            |    15 |    47 |       |       ||    62
       Tailslap          |     1 |    12 |    42 |    39 ||    94
       Rapier            |       |    51 |   200 |   213 ||   464
       Punch             |       |       |     2 |     4 ||     6
 Cast: Necrotise         |    59 |    64 |     1 |    18 ||   142
       Vampiric Draining |       |     6 |    19 |    24 ||    49
       Animate Dead      |       |     4 |     7 |     6 ||    17
       Call Canine Famil |       |       |    31 |    16 ||    47
       Anguish           |       |       |    18 |    48 ||    66
Evoke: Phial of floods   |       |       |     1 |     1 ||     2
       Wand              |       |       |     1 |       ||     1
       Condenser vane    |       |       |       |     1 ||     1
  Use: Scroll            |       |       |     9 |     7 ||    16
       Potion            |       |       |     2 |     1 ||     3
 Stab: Sleeping          |       |     6 |     3 |     3 ||    12
       Distracted        |       |       |     4 |     1 ||     5
Armor: Leather armour    |    12 |    36 |   133 |   142 ||   323
Dodge: Dodged            |    11 |    74 |   195 |   349 ||   629
